EL
TULSA DRILLERS @ SPRINGFIELD CARDINALS
06/14/2048
 
TOP OF THE 1ST
Tulsa Drillers batting - Pitching for Springfield Cardinals : RHP Branden Maynard
Pitching: RHP Branden Maynard
Batting: RHB Josh Crenwelge 0-0: Ball
1-0: Ball
2-0: Ball
3-0: Base on Balls
Batting: LHB Kevin Wiebe 0-0: Ball
Josh Crenwelge steals 2nd base
1-0: Foul Ball, location: 2F
1-1: Swinging Strike
1-2: Ball
2-2: Strikes out swinging
Batting: SHB Justin Toth 0-0: SINGLE (Groundball, 4D, EV 94.4 MPH)
Josh Crenwelge to third
Runner from 3rd tries for Home, SAFE, throw by CF to home
Batting: RHB Jonathan Kirsch 0-0: Ball
1-0: Foul Ball, location: 2F
1-1: Swinging Strike
1-2: Ball
2-2: Foul Ball, location: 2F
2-2: Ball
3-2: Foul Ball, location: 2F
3-2: Fly out, F9 (Flyball, 9, EV 91.9 MPH)
Batting: RHB Aaron Burress 0-0: Foul Ball, location: 2F
0-1: Ball
1-1: Ball
2-1: DOUBLE (Groundball, 5L, EV 100.6 MPH)
Justin Toth to third
Batting: RHB Tony Rivera 0-0: Ball
1-0: SINGLE (Flyball, 6MD, EV 86.9 MPH)
Justin Toth scores
Aaron Burress to third
Batting: RHB Daniel Samano 0-0: Ball
1-0: Called Strike
1-1: Swinging Strike
1-2: Strikes out swinging
Top of the 1st over - 2 runs, 3 hits, 0 errors, 2 left on base; Tulsa 2 - Springfield 0
BOTTOM OF THE 1ST
Springfield Cardinals batting - Pitching for Tulsa Drillers : RHP Steve Mintz
Pitching: RHP Steve Mintz
Batting: RHB Fortunato Fteira 0-0: Ground out 6-3 (Groundball, 6, EV 79.4 MPH)
Batting: SHB Josh Schultze 0-0: Ball
1-0: Foul Ball, location: 2F
1-1: Fly out, F7 (Flyball, 7, EV 90.0 MPH)
Batting: LHB Travis Ruppel 0-0: Ball
1-0: Ball
2-0: Swinging Strike
2-1: Swinging Strike
2-2: Foul Ball, location: 2F
2-2: Ball
3-2: Foul Ball, location: 2F
3-2: Foul Ball, location: 2F
3-2: Strikes out looking
Bottom of the 1st over - 0 runs, 0 hits, 0 errors, 0 left on base; Tulsa 2 - Springfield 0
TOP OF THE 2ND
Tulsa Drillers batting - Pitching for Springfield Cardinals : RHP Branden Maynard
Batting: RHB Nick Getz 0-0: Ball
1-0: Foul Ball, location: 2F
1-1: Swinging Strike
1-2: Strikes out swinging
Batting: RHB Kyle Garrett 0-0: Ball
1-0: Called Strike
1-1: Foul Ball, location: 2F
1-2: Foul Ball, location: 2F
1-2: Ball
2-2: Foul Ball, location: 2F
2-2: Ball
3-2: Foul Ball, location: 2F
3-2: Foul Ball, location: 2F
3-2: Foul Ball, location: 2F
3-2: Foul Ball, location: 2F
3-2: Ground out 6-3 (Groundball, 6, EV 89.4 MPH)
Batting: RHB Josh Crenwelge 0-0: Ball
1-0: Ball
2-0: Ball
3-0: Called Strike
3-1: Foul Ball, location: 2F
3-2: Base on Balls
Batting: LHB Kevin Wiebe 0-0: Foul Ball, location: 2F
0-1: 2-RUN HOME RUN (Flyball, 89XD, EV 104.4 MPH), Distance : 421 ft
Batting: SHB Justin Toth 0-0: Ball
1-0: Ball
2-0: Fly out, F3 (Popup, 3SF, EV 82.5 MPH)
Top of the 2nd over - 2 runs, 1 hit, 0 errors, 0 left on base; Tulsa 4 - Springfield 0
BOTTOM OF THE 2ND
Springfield Cardinals batting - Pitching for Tulsa Drillers : RHP Steve Mintz
Batting: RHB Tyler Walker 0-0: Ball
1-0: Foul Ball, location: 2F
1-1: Ground out 6-3 (Groundball, 6, EV 100.6 MPH)
Batting: RHB Joe Alley 0-0: Ball
1-0: Ball
2-0: Ball
3-0: Called Strike
3-1: Base on Balls
Batting: RHB Tommy Boudreaux 0-0: Called Strike
0-1: Swinging Strike
0-2: Ball
1-2: Ball
2-2: Foul Ball, location: 2F
2-2: Strikes out swinging
Batting: RHB Joe LaDue 0-0: Called Strike
Pickoff Throw to First - Out! 1-3
Bottom of the 2nd over - 0 runs, 0 hits, 0 errors, 0 left on base; Tulsa 4 - Springfield 0
TOP OF THE 3RD
Tulsa Drillers batting - Pitching for Springfield Cardinals : RHP Branden Maynard
Batting: RHB Jonathan Kirsch 0-0: Foul Ball, location: 2F
0-1: Swinging Strike
0-2: Strikes out swinging, 2-3 out at first.
Batting: RHB Aaron Burress 0-0: Ball
1-0: Ball
2-0: Ball
3-0: Base on Balls
Batting: RHB Tony Rivera 0-0: Called Strike
0-1: Fly out, F9 (Flyball, 89M, EV 91.2 MPH)
Batting: RHB Daniel Samano 0-0: Ball
1-0: Ball
2-0: Ball
3-0: Called Strike
3-1: Base on Balls
Aaron Burress to second
Batting: RHB Nick Getz 0-0: Ball
1-0: Called Strike
1-1: Ball
2-1: Swinging Strike
2-2: Strikes out swinging
Top of the 3rd over - 0 runs, 0 hits, 0 errors, 2 left on base; Tulsa 4 - Springfield 0
BOTTOM OF THE 3RD
Springfield Cardinals batting - Pitching for Tulsa Drillers : RHP Steve Mintz
Batting: RHB Joe LaDue 0-0: Ball
1-0: Swinging Strike
1-1: Ball
2-1: Ball
3-1: Base on Balls
Batting: SHB Jorge Brito 0-0: Called Strike
0-1: Called Strike
0-2: Ball
1-2: Foul Ball, location: 2F
1-2: Foul Ball, location: 2F
1-2: Foul Ball, location: 2F
1-2: Ball
2-2: Fly out, F9 (Flyball, 9S, EV 80.6 MPH)
Batting: RHB Austin Akers 0-0: Ball
1-0: Called Strike
1-1: Reached on error, E6 (Groundball, 6, EV 86.2 MPH)
Joe LaDue to second
Batting: RHB Fortunato Fteira 0-0: Foul Ball, location: 2F
0-1: Swinging Strike
0-2: Ball
1-2: Ball
2-2: Foul Ball, location: 2F
2-2: Ball
3-2: Base on Balls
Joe LaDue to third
Austin Akers to second
Batting: SHB Josh Schultze 0-0: Ball
1-0: Called Strike
1-1: Fielders Choice at 2nd, 6-4 (Groundball, 6, EV 85.6 MPH)
Joe LaDue scores
Austin Akers to third
Batting: LHB Travis Ruppel 0-0: Fielders Choice at 2nd, 6-4 (Groundball, 6, EV 98.8 MPH)
Bottom of the 3rd over - 1 run, 0 hits, 1 error, 2 left on base; Tulsa 4 - Springfield 1
TOP OF THE 4TH
Tulsa Drillers batting - Pitching for Springfield Cardinals : RHP Branden Maynard
Batting: RHB Kyle Garrett 0-0: Ball
1-0: Ball
2-0: Ball
3-0: Called Strike
3-1: Foul Ball, location: 2F
3-2: Ground out 5-3 (Groundball, 56, EV 108.8 MPH)
Batting: RHB Josh Crenwelge 0-0: Ball
1-0: Swinging Strike
1-1: Foul Ball, location: 2F
1-2: Foul Ball, location: 2F
1-2: Foul Ball, location: 2F
1-2: Ground out 3-1 (Groundball, 34, EV 83.8 MPH)
Batting: LHB Kevin Wiebe 0-0: Ball
1-0: Called Strike
1-1: Foul Ball, location: 2F
1-2: Ball
2-2: Ball
3-2: Ground out 5-3 (Groundball, 56S, EV 91.2 MPH)
Top of the 4th over - 0 runs, 0 hits, 0 errors, 0 left on base; Tulsa 4 - Springfield 1
BOTTOM OF THE 4TH
Springfield Cardinals batting - Pitching for Tulsa Drillers : RHP Steve Mintz
Batting: RHB Tyler Walker 0-0: Ball
1-0: Ball
2-0: Called Strike
2-1: Called Strike
2-2: Ball
3-2: Strikes out swinging
Batting: RHB Joe Alley 0-0: Called Strike
0-1: Ball
1-1: Ball
2-1: Foul Ball, location: 2F
2-2: Foul Ball, location: 2F
2-2: Ball
3-2: SOLO HOME RUN (Flyball, 7D, EV 96.9 MPH), Distance : 379 ft
Batting: RHB Tommy Boudreaux 0-0: Swinging Strike
0-1: Ball
1-1: Ball
2-1: Reached on error, E2 (Groundball, 2L, EV 73.8 MPH)
Batting: RHB Joe LaDue 0-0: Ball
Tommy Boudreaux is caught stealing 2nd base 2-4
1-0: Ball
2-0: Called Strike
2-1: Ball
3-1: Foul Ball, location: 2F
3-2: Base on Balls
Batting: SHB Jorge Brito 0-0: Called Strike
Joe LaDue is caught stealing 2nd base 2-6
Bottom of the 4th over - 1 run, 1 hit, 1 error, 0 left on base; Tulsa 4 - Springfield 2
TOP OF THE 5TH
Tulsa Drillers batting - Pitching for Springfield Cardinals : RHP Branden Maynard
Batting: SHB Justin Toth 0-0: Ball
1-0: Swinging Strike
1-1: Foul Ball, location: 2F
1-2: Ball
2-2: Ball
3-2: Strikes out swinging
Batting: RHB Jonathan Kirsch 0-0: Ground out 5-3 (Groundball, 56, EV 88.1 MPH)
Batting: RHB Aaron Burress 0-0: Ball
1-0: Ground out 4-3 (Groundball, 4, EV 90.0 MPH)
Top of the 5th over - 0 runs, 0 hits, 0 errors, 0 left on base; Tulsa 4 - Springfield 2
BOTTOM OF THE 5TH
Springfield Cardinals batting - Pitching for Tulsa Drillers : RHP Steve Mintz
Batting: SHB Jorge Brito 0-0: Ball
1-0: Foul Ball, location: 2F
1-1: Ball
2-1: Called Strike
2-2: Ball
3-2: Fly out, F8 (Flyball, 89M, EV 93.1 MPH)
Batting: RHB Austin Akers 0-0: Bunt for hit to 25 - play at first, batter OUT! 5-3
Batting: RHB Fortunato Fteira 0-0: Called Strike
0-1: Ball
1-1: Ball
2-1: Ball
3-1: Foul Ball, location: 2F
3-2: Base on Balls
Pitching: RHP Nobuharu Kobayashi
Batting: SHB Josh Schultze 0-0: Ball
1-0: Ball
2-0: Ball
Fortunato Fteira steals 2nd base
3-0: Base on Balls
Batting: LHB Travis Ruppel 0-0: Foul Ball, location: 2F
0-1: Swinging Strike
0-2: Ball
1-2: Foul Ball, location: 2F
1-2: Ball
2-2: Ball
3-2: Foul Ball, location: 2F
3-2: DOUBLE (Line Drive, 7LM, EV 99.4 MPH)
Fortunato Fteira scores
Josh Schultze to third
Josh Schultze scores
Batting: RHB Tyler Walker 0-0: Swinging Strike
0-1: Ball
1-1: Ball
2-1: Called Strike
2-2: Ground out 2-3 (Groundball, 2L, EV 74.4 MPH)
Bottom of the 5th over - 2 runs, 1 hit, 0 errors, 1 left on base; Tulsa 4 - Springfield 4
TOP OF THE 6TH
Tulsa Drillers batting - Pitching for Springfield Cardinals : RHP Branden Maynard
Pitching: RHP Chris Ray
Batting: RHB Tony Rivera 0-0: Fly out, F7 (Line Drive, 78M, EV 95.0 MPH)
Batting: RHB Daniel Samano 0-0: Ball
1-0: Called Strike
1-1: Ball
2-1: Called Strike
2-2: Ball
3-2: Strikes out swinging
Batting: RHB Nick Getz 0-0: Ground out 4-3 (Groundball, 4, EV 83.8 MPH)
Top of the 6th over - 0 runs, 0 hits, 0 errors, 0 left on base; Tulsa 4 - Springfield 4
BOTTOM OF THE 6TH
Springfield Cardinals batting - Pitching for Tulsa Drillers : RHP Nobuharu Kobayashi
Batting: RHB Joe Alley 0-0: Swinging Strike
0-1: Ball
1-1: Ground out 5-3 (Groundball, 5L, EV 103.8 MPH)
Batting: RHB Tommy Boudreaux 0-0: Ball
1-0: Called Strike
1-1: Foul Ball, location: 2F
1-2: Strikes out looking
Batting: RHB Joe LaDue 0-0: Ground out 4-3 (Groundball, 34D, EV 108.1 MPH)
Bottom of the 6th over - 0 runs, 0 hits, 0 errors, 0 left on base; Tulsa 4 - Springfield 4
TOP OF THE 7TH
Tulsa Drillers batting - Pitching for Springfield Cardinals : RHP Chris Ray
Batting: RHB Kyle Garrett 0-0: Ball
1-0: SINGLE (Flyball, 7S, EV 91.9 MPH)
Batting: RHB Josh Crenwelge 0-0: Ball
1-0: Bunt missed!
1-1: Bunt missed!
1-2: Fielders Choice at 2nd, 1-4 (Groundball, 15, EV 67.5 MPH)
Pitching: LHP Dan Poirier
Batting: RHB Robby Cuellar 0-0: Swinging Strike
0-1: Called Strike
0-2: Ball
1-2: Strikes out swinging
Pitching: RHP Phil Feldscher
Batting: SHB Justin Toth 0-0: Foul Ball, location: 2F
0-1: Foul Ball, location: 2F
0-2: SINGLE (Groundball, 4D, EV 100.0 MPH)
Josh Crenwelge to second
Runner from 2nd tries for 3rd, SAFE, no throw by CF
Batting: RHB Jonathan Kirsch 0-0: Ball
1-0: Ball
2-0: SINGLE (Groundball, 56D, EV 109.4 MPH)
Josh Crenwelge scores
Justin Toth to second
Runner from 2nd tries for 3rd, SAFE, throw by LF made to third
Batting: RHB Aaron Burress 0-0: Ball
1-0: Foul Ball, location: 2F
1-1: Ball
2-1: Ball
3-1: DOUBLE (Flyball, 78D, EV 95.0 MPH)
Justin Toth scores
Jonathan Kirsch to third
Runner from 3rd tries for Home, SAFE, throw by LF to home
Batting: RHB Tony Rivera 0-0: Ball
1-0: Ball
2-0: Called Strike
2-1: SINGLE (Line Drive, 3D, EV 98.1 MPH)
Aaron Burress to third
Runner from 3rd tries for Home, SAFE, throw by RF to home
Pitching: LHP Vince Zujovic
Batting: RHB Daniel Samano 0-0: Ball
1-0: Foul Ball, location: 2F
1-1: Foul Ball, location: 2F
1-2: Foul Ball, location: 2F
1-2: Foul Ball, location: 2F
1-2: Ball
Wild Pitch!
Tony Rivera to second
2-2: Strikes out swinging
Top of the 7th over - 4 runs, 5 hits, 0 errors, 1 left on base; Tulsa 8 - Springfield 4
BOTTOM OF THE 7TH
Springfield Cardinals batting - Pitching for Tulsa Drillers : RHP Nobuharu Kobayashi
Batting: SHB Jorge Brito 0-0: Ball
1-0: Ball
2-0: Foul Ball, location: 2F
2-1: Foul Ball, location: 2F
2-2: Fly out, F6 (Popup, 6D, EV 71.2 MPH)
Batting: RHB Austin Akers 0-0: Called Strike
0-1: Swinging Strike
0-2: Fly out, F9 (Flyball, 9, EV 85.0 MPH)
Batting: RHB Fortunato Fteira 0-0: Ball
1-0: Ball
2-0: Ball
3-0: Called Strike
3-1: Fly out, F9 (Flyball, 9D, EV 92.5 MPH)
Bottom of the 7th over - 0 runs, 0 hits, 0 errors, 0 left on base; Tulsa 8 - Springfield 4
TOP OF THE 8TH
Tulsa Drillers batting - Pitching for Springfield Cardinals : LHP Vince Zujovic
Batting: RHB Nick Getz 0-0: Ball
1-0: Swinging Strike
1-1: Called Strike
1-2: Strikes out swinging
Batting: RHB Kyle Garrett 0-0: Ball
1-0: Foul Ball, location: 2F
1-1: Foul Ball, location: 2F
1-2: Foul Ball, location: 2F
1-2: Ground out 6-3 (Groundball, 6, EV 86.9 MPH)
Batting: RHB Josh Crenwelge 0-0: Ball
1-0: Foul Ball, location: 2F
1-1: Foul Ball, location: 2F
1-2: Ball
2-2: Fly out, F6 (Line Drive, 6, EV 60.6 MPH)
Top of the 8th over - 0 runs, 0 hits, 0 errors, 0 left on base; Tulsa 8 - Springfield 4
BOTTOM OF THE 8TH
Springfield Cardinals batting - Pitching for Tulsa Drillers : RHP Nobuharu Kobayashi
Pitching: RHP Jeff Coates
Batting: SHB Josh Schultze 0-0: Called Strike
0-1: Swinging Strike
0-2: Ball
1-2: Foul Ball, location: 2F
1-2: Foul Ball, location: 2F
1-2: Foul Ball, location: 2F
1-2: DOUBLE (Line Drive, 89XD, EV 105.0 MPH)
Batting: LHB Travis Ruppel 0-0: Ball
1-0: Ball
2-0: Ball
3-0: Called Strike
3-1: Fly out, F9 (Line Drive, 9, EV 85.0 MPH)
Batting: RHB Tyler Walker 0-0: Ball
1-0: Called Strike
1-1: Foul Ball, location: 2F
1-2: Ball
2-2: Foul Ball, location: 2F
2-2: Ball
3-2: Foul Ball, location: 2F
3-2: Foul Ball, location: 2F
3-2: Fly out, F8 (Flyball, 89D, EV 98.8 MPH)
Batting: RHB Joe Alley 0-0: Called Strike
0-1: Swinging Strike
0-2: Ball
1-2: Strikes out looking
Bottom of the 8th over - 0 runs, 1 hit, 0 errors, 1 left on base; Tulsa 8 - Springfield 4
TOP OF THE 9TH
Tulsa Drillers batting - Pitching for Springfield Cardinals : LHP Vince Zujovic
Pitching: RHP Travis Tovey
Batting: RHB Robby Cuellar 0-0: Called Strike
0-1: Ground out 5-3 (Groundball, 56S, EV 78.1 MPH)
Batting: SHB Justin Toth 0-0: Called Strike
0-1: Called Strike
0-2: Foul Ball, location: 2F
0-2: Ball
1-2: Ground out 1-3 (Groundball, 15S, EV 68.8 MPH)
Batting: RHB Jonathan Kirsch 0-0: Ball
1-0: Ball
2-0: Called Strike
2-1: Ball
3-1: Base on Balls
Batting: RHB Aaron Burress 0-0: Ball
1-0: Ball
2-0: DOUBLE (Line Drive, 7LM, EV 101.9 MPH)
Jonathan Kirsch to third
Runner from 3rd tries for Home, SAFE, throw by LF to home
Batting: RHB Tony Rivera 0-0: Ball
1-0: Ball
2-0: Called Strike
2-1: Called Strike
2-2: Reached on error, E2 (Groundball, 2L, EV 68.1 MPH)
Aaron Burress to third
Batting: RHB Daniel Samano 0-0: Ball
1-0: Ball
2-0: Ball
Wild Pitch!
Aaron Burress scores
Tony Rivera to second
3-0: Called Strike
3-1: Swinging Strike
3-2: Strikes out swinging
Top of the 9th over - 2 runs, 1 hit, 1 error, 1 left on base; Tulsa 10 - Springfield 4
BOTTOM OF THE 9TH
Springfield Cardinals batting - Pitching for Tulsa Drillers : RHP Jeff Coates
Batting: RHB Tommy Boudreaux 0-0: Ball
1-0: Called Strike
1-1: Called Strike
1-2: SINGLE (Groundball, 34D, EV 100.0 MPH)
Batting: RHB Joe LaDue 0-0: Ball
1-0: Foul Ball, location: 2F
1-1: Foul Ball, location: 2F
1-2: Ball
2-2: Foul Ball, location: 2F
2-2: Fly out, F4 (Line Drive, 4, EV 67.5 MPH)
Batting: SHB Jorge Brito 0-0: Called Strike
0-1: Ball
1-1: Fly out, F8 (Flyball, 89M, EV 89.4 MPH)
Batting: RHB Austin Akers 0-0: Called Strike
0-1: Swinging Strike
0-2: Ball
1-2: Ball
2-2: Fielders Choice at 2nd, 6-4 (Groundball, 6, EV 83.1 MPH)
Bottom of the 9th over - 0 runs, 1 hit, 0 errors, 1 left on base; Tulsa 10 - Springfield 4
Tuesday, March 28th , 2023 - OOTP Baseball 23.10 Build 110